 Dungeon Crawl Stone Soup version 0.27-a0-277-g024f7ef292 (webtiles) character file.

Game seed: 7820038012139881609

184 Borgoz the Skirmisher (level 5, -3/51 HPs)
             Began as a Gargoyle Berserker on Feb 5, 2021.
             Was a Believer of Trog.
             Slain by an orc warrior
             ... wielding a +0 battleaxe
              (9 damage)
             ... on level 4 of the Dungeon.
             The game lasted 00:03:16 (3108 turns).

Borgoz the Skirmisher (Gargoyle Berserker)          Turns: 3108, Time: 00:03:16

Health: -3/51      AC:  7    Str: 20    XL:     5   Next: 63%
Magic:  5/5        EV: 12    Int:  8    God:    Trog [**....]
Gold:   283        SH:  0    Dex: 10    Spells: 4/4 levels left

rFire    . . .     SeeInvis .   a - +0 mace
rCold    . . .     Faith    .   (no shield)
rNeg     + . .     Spirit   .   b - +1 animal skin
rPois    ∞         Reflect  .   (no helmet)
rElec    +         Harm     .   (no cloak)
rCorr    .         Rampage  .   (no gloves)
Will     .....                  (no boots)
Stlth    ..........             (no amulet)
HPRegen  0.17/turn              (no ring)
MPRegen  0.09/turn              (no ring)

@: berserking (expiring), very quick
A: negative energy resistance 1, electricity resistance, unbreathing,
petrification resistance, miasma immunity, AC +4
a: Renounce Religion, Berserk, Trog's Hand


You were on level 4 of the Dungeon.
You worshipped Trog.
Trog was pleased with you.
You visited 1 branch of the dungeon, and saw 4 of its levels.

You collected 283 gold pieces.

Inventory:

Hand Weapons
 a - a +0 mace (weapon)
Armour
 b - a +1 animal skin (worn)
Scrolls
 e - 3 scrolls of remove curse
 g - 3 scrolls of enchant armour
Potions
 d - a potion of invisibility {unknown}
 h - a potion of magic {unknown}


   Skills:
 + Level 4.4 Fighting
 + Level 3.9 Maces & Flails
 + Level 3.6 Armour
 + Level 2.6 Dodging


You had 4 spell levels left.
You didn't know any spells.
Your spell library was empty.

Dungeon Overview and Level Annotations

Branches:
Dungeon (4/15)
 Temple: D:4-7

Altars:
Hepliaklqana
Ru


Innate Abilities, Weirdness & Mutations

You are resistant to torment.
Your stone body is resilient. (AC +4)
You are immune to poison.
You resist negative energy. (rN+)
You are resistant to electric shocks. (rElec)
You can survive without breathing.
You are immune to petrification.
You are immune to miasma.


Message History

You are too injured to fight recklessly!
You are too injured to fight recklessly!
You are too injured to fight recklessly!
You closely miss the orc warrior.
The orc warrior is moderately wounded.
The orc warrior closely misses you.
You sock the orc warrior!
The orc warrior is heavily wounded.
The orc barely misses you. The orc misses you.
The orc warrior hits you with a +0 battleaxe!
* * * LOW HITPOINT WARNING * * *
You sock the orc!
You kill the orc!
Trog accepts your kill. The orc misses you.
You thump the orc!
You kill the orc!
Trog accepts your kill.
The orc warrior hits you with a +0 battleaxe!
You die...

#..##..# ###.. #.
##.## # ##. #..#
##..## ##.# #.
....# #.####... #o
#..# #........
...#..
#..####.....##.
...... #..#...#.###
...... #@o..###..#
......#####[.##
.... ...........o##
.... ............##
...#.
..........#..# ...
...........#.......
...................
...................
.............##....


You could see an orc warrior and an orc.

Vanquished Creatures
  A howler monkey (D:4)
  Natasha (twice) (D:3)
  2 adders (D:3)
  3 worms
  3 dart slugs
  3 orcs
  A ball python (D:2)
  7 bats
  A giant cockroach (D:3)
  6 goblins
  5 hobgoblins
  8 jackals (D:2)
  5 kobolds
  3 quokkas (D:3)
  3 frilled lizards
  7 rats
60 creatures vanquished.

Vanquished Creatures (others)
  3 plants (D:3)
3 creatures vanquished.

Grand Total: 63 creatures vanquished

Notes
Turn   | Place    | Note
-------+----------+-------------------------------------------
     0 | D:1      | Borgoz the Gargoyle Berserker began the quest for the Orb.
     0 | D:1      | Reached XP level 1. HP: 14/14 MP: 1/1
   148 | D:1      | You fall into a shaft and drop 1 floor!
   162 | D:2      | Reached XP level 2. HP: 19/19 MP: 2/2
  1191 | D:2      | Reached XP level 3. HP: 20/24 MP: 3/3
  1599 | D:2      | Found a sacrificial altar of Ru.
  1613 | D:2      | Reached ** piety under Trog
  1913 | D:3      | Reached XP level 4. HP: 27/29 MP: 4/4
  1997 | D:3      | Noticed Natasha
  2012 | D:3      | Killed Natasha
  2013 | D:3      | Reached skill level 4 in Fighting
  2498 | D:3      | Reached XP level 5. HP: 32/33 MP: 5/5
  2499 | D:3      | Noticed Natasha
  2509 | D:3      | Killed Natasha
  2710 | D:3      | Found a hazy altar of Hepliaklqana.
  3072 | D:4      | Noticed an orc warrior
  3108 | D:4      | Slain by an orc warrior

Illustrated notes

Levels and vault maps discovered:
D:1:      dpeg_arrival_simpleton_b, layout_loops_corners
D:2:      layout_rooms, nicolae_overflow_crystal_walls
D:3:      layout_basic, lemuel_doored_altar, serial_forest,
          infiniplex_forest_clump_large, infiniplex_forest_straight_1,
          infiniplex_forest_lined_corner, infiniplex_forest_clump_medium,
          infiniplex_forest_lined_room_3, infiniplex_forest_straight_5,
          infiniplex_forest_clump_medium, infiniplex_forest_lined_ring,
          infiniplex_forest_clump_large, infiniplex_forest_straight_2,
          uniq_natasha
D:4:      layout_layer_cave, portal_sewer_entry_f, hangedman_decor_lopped,
          minmay_misc_feat_four_crosses

Skill      XL: |  1  2  3  4 |
---------------+-------------+-----
Dodging        | 2 |  2.6
Armour         | 3 |  3.6
Fighting       | 4 |  4.4
Maces & Flails | |  3.9

Action                   |  1- 3 |  4- 6 || total
-------------------------+-------+-------++-------
Melee: Mace              |   131 |   105 ||   236
Invok: Berserk           |     2 |     3 ||     5
       Trog's Hand       |       |     3 ||     3
  Use: Scroll            |     7 |     2 ||     9
       Potion            |       |     2 ||     2
Armor: Animal skin       |    64 |    53 ||   117
Dodge: Dodged            |   132 |   118 ||   250

Table legend: (Time is in decaauts)
 A = Elapsed time spent in this place.
 B = Non-inter-level travel time spent in this place.
 C = Inter-level travel time spent in this place.
 D = Time resting spent in this place.
 E = Time spent auto-exploring this place.
 F = Levels seen in this place.
 G = Mean time per level.
                   A        B        C        D        E       F      G
               +--------+--------+--------+--------+--------+-----+--------+
         Total |   3205 |   3128 |     77 |    496 |   2061 |   4 |  801.2 |
       Dungeon |   3205 |   3128 |     77 |    496 |   2061 |   4 |  801.2 |
               +--------+--------+--------+--------+--------+-----+--------+

Top non-repeatable levels by time:
     D:3: 1230 daAuts
     D:1: 1151 daAuts
     D:2: 697 daAuts
     D:4: 126 daAuts
